AoeStats
← Brezel

Arabia

510323511Analyzed
1v1 RM · 19h ago on Sep 30, 2026· 46m 46s· 2 players
Game mode
Random Map
Map size
Tiny (2 player)
Population
200
Speed
Normal
Resources
Standard
Victory
Conquest
Starting age
Dark Age
Ending age
Imperial Age
RankedLock teamsTeams togetherTeam positionsShared explorationLock speedFull tech treeHidden civsTurbo modeCheats
Victory
Defeat
🇨🇿 Saracens · Czechia
1226
+16
🇩🇪 Saxons · Germany
1218
-16
Brezel
6:24 Loom
9:40 Feudal Age
9:43 Man-at-Arms
10:10 Double-Bit Axe
10:40 Horse Collar
20:25 Fletching
25:24 Castle Age
25:18 Padded Archer Armor
25:28 Elite Skirmisher
31:48 Husbandry
33:49 Bloodlines
33:43 Gold Mining
35:57 Bodkin Arrow
38:26 Wheelbarrow
39:16 Ballistics
45:38 Scale Mail Armor
45:49 Forging
Majsner_Of_Puppets
6:29 Loom
9:14 Feudal Age
11:02 Double-Bit Axe
17:34 Wheelbarrow
18:37 Fletching
21:36 Castle Age
20:27 Padded Archer Armor
21:49 Scale Barding Armor
21:39 Crossbowman
22:16 Bodkin Arrow
22:24 Light Cavalry
27:04 Bow Saw
27:58 Forging
29:09 Chain Barding Armor
30:00 Bloodlines
29:50 Husbandry
30:55 Hand Cart
32:09 Town Watch
33:17 Iron Casting
32:47 Elite Skirmisher
37:48 Imperial Age
36:20 Leather Archer Armor
36:34 Thumb Ring
38:42 Ballistics
38:33 Masonry
38:49 Bracer
40:33 Chemistry
40:45 Ring Archer Armor
41:39 Town Patrol
41:59 Masonry
41:55 Siege Engineers
41:46 Murder Holes
45:55 Counterweights
Connection lost

Rejoining the realm…

Still unreachable

The connection could not be restored.

Session expired

The server has moved on; the page needs a fresh start.